AoeStats
← master

Nomad

510272156Analyzed
2v2 RM · 22h ago on Sep 30, 2026· 42m 24s· 4 players
Game mode
Random Map
Map size
176×176
Population
200
Speed
Normal
Resources
Standard
Victory
Conquest
Starting age
Dark Age
Ending age
Imperial Age
RankedLock teamsTeams togetherTeam positionsShared explorationLock speedFull tech treeHidden civsTurbo modeCheats
Victory
Defeat
🇫🇷 Koreans · France
1144
+16
🇨🇳 Ethiopians · China
1131
+17
🇲🇽 Aztecs · Mexico
1169
-17
🇳🇱 Armenians · Netherlands
1134
-16
Klarakitai
7:09 Loom
13:50 Feudal Age
14:34 Double-Bit Axe
14:37 Fishing Lines
25:40 Castle Age
25:08 Fletching
27:10 Bodkin Arrow
28:41 Bow Saw
29:55 Stone Mining
32:15 Wheelbarrow
32:23 Murder Holes
32:39 Masonry
33:13 Treadmill Crane
33:21 Town Watch
36:33 Ballistics
36:59 Horse Collar
37:15 Gillnets
38:41 Heavy Plow
42:09 Hand Cart
猪队友怕不怕
5:06 Loom
14:19 Feudal Age
19:34 Castle Age
18:56 Fletching
19:07 Scale Mail Armor
29:24 Double-Bit Axe
30:44 Bow Saw
30:16 Horse Collar
33:48 Forging
34:06 Arson
35:31 Heavy Plow
37:47 Wheelbarrow
37:51 Chain Mail Armor
39:35 Iron Casting
44:44 Imperial Age
De_Profeet
14:01 Feudal Age
14:04 Man-at-Arms
15:16 Long Swordsman
17:33 Scale Mail Armor
18:30 Forging
18:16 Fishing Lines
20:02 Horse Collar
20:12 Double-Bit Axe
25:09 Castle Age
24:07 Gold Mining
24:08 Stone Mining
25:55 Two-Handed Swordsman
26:21 Gambesons
27:29 Bow Saw
27:22 Heavy Plow
master
5:47 Loom
11:46 Loom
13:58 Feudal Age
14:27 Town Watch
14:05 Man-at-Arms
20:01 Gold Mining
21:30 Wheelbarrow
22:58 Fletching
27:36 Double-Bit Axe
37:31 Castle Age
36:14 Stone Mining
37:21 Scale Mail Armor
39:08 Bodkin Arrow
Connection lost

Rejoining the realm…

Still unreachable

The connection could not be restored.

Session expired

The server has moved on; the page needs a fresh start.